Map: 2000 Atmospheres LE

Players

GuMiho

  • Race: Terran Terran

Zoun - Winner!

  • Race: Protoss Protoss
  • League: Master

Event: TSL 8

VOD

Have the link to the VOD?

Description

Time

  • Played on: Nov. 28, 2021, 6:25 a.m.
  • Length: 7:59

All games in this series

Show
View Real Time Build Order
Export as new Build Order

GuMiho Terran 

Build Orders: 1/1/1, Cyclone Opening 

Get SALT Encoding   

  12  0:00  SCV  
  13  0:12  SCV  
  14  0:16  Supply Depot  
  14  0:24  SCV  
  15  0:38  SCV  
  15  0:39  Barracks  
  16  0:44  Refinery  
  16  0:50  SCV  
  16  0:53  Refinery  
  17  1:02  SCV  
  18  1:14  SCV  
  19  1:26  Reaper, Orbital Command  
  20  1:42  Factory  
  20  1:46  Supply Depot  
  20  1:52  SCV  
  21  1:58  Barracks Tech Lab  
  21  2:04  SCV  
  22  2:16  SCV  
  23  2:27  Starport  
  23  2:29  SCV  
  24  2:32  Supply Depot, Cyclone  
  24  2:35  Barracks Reactor  
  27  2:41  SCV  
  28  2:53  SCV  
  29  2:58  Command Center  
  29  3:12  Banshee  
  33  3:14  Marine  
  33  3:15  Marine  
  35  3:21  Supply Depot  
  35  3:23  SCV  
  35  3:26  Factory Tech Lab  
  35  3:33  Marine  
  35  3:34  Marine  
  37  3:35  SCV  
  38  3:42  Cloaking Field  
  38  3:45  Siege Tank  
  38  3:47  SCV  
  42  3:51  Marine x2  
  44  3:58  Banshee  
  47  4:11  Orbital Command  
  47  4:12  Marine x2  
  47  4:13  SCV  
  50  4:19  Siege Tank  
  53  4:25  SCV  
  53  4:30  Marine x2  
  53  4:31  Supply Depot  
  56  4:37  SCV  
  57  4:39  SCV  
  57  4:42  Banshee  
  57  4:44  Supply Depot  
  61  4:49  SCV  
  62  4:53  SCV  
  62  4:55  Marine x2  
  62  4:56  Supply Depot  
  65  5:01  Siege Tank  
  65  5:05  SCV x2  
  70  5:13  Marine x2  
  72  5:17  SCV x2  
  72  5:19  Supply Depot  
  74  5:24  Banshee  
  76  5:29  SCV x2  
  74  5:41  SCV  
  74  5:42  SCV  
  75  5:44  Barracks  
  75  5:45  Barracks  
  75  5:54  SCV x2  
  75  5:55  Marine x2  
  76  6:03  Supply Depot, Refinery  
  76  6:06  Supply Depot, SCV x2  
  76  6:07  Banshee  
  81  6:12  Bunker  
  81  6:13  Bunker, Marine x2  
  81  6:18  SCV  
  84  6:19  Siege Tank  
  84  6:22  SCV  
  88  6:30  SCV  
  88  6:31  Marine x2  
  85  6:38  SCV  
  73  6:42  SCV  
  67  6:48  Marine  
  67  6:49  Marine  
  67  6:50  SCV  
  66  6:54  SCV  
  66  6:55  Siege Tank  
  66  6:59  Bunker  
  67  7:01  Engineering Bay  
  67  7:02  Banshee, Refinery  
  67  7:03  SCV, Barracks Tech Lab  
  67  7:04  Barracks Tech Lab  
  67  7:06  SCV, Marine x2  
  74  7:15  SCV  
  74  7:18  SCV  
  74  7:20  Command Center  
  76  7:24  Marine x2  
  76  7:25  Marine x2  
Show
View Real Time Build Order
Export as new Build Order

Zoun Protoss - Winner!

Build Orders: 1 Gate Expand, Blink Stalkers 

Get SALT Encoding   

  12  0:00  Probe  
  13  0:12  Probe  
  14  0:16  Pylon  
  14  0:24  Probe (Chrono Boost)  
  16  0:36  Probe (Chrono Boost)  
  16  0:37  Gateway  
  16  0:42  Probe (Chrono Boost)  
  16  0:45  Assimilator  
  17  0:50  Probe  
  18  1:03  Probe  
  19  1:15  Probe  
  20  1:24  Cybernetics Core  
  20  1:32  Nexus  
  20  1:37  Zealot (Chrono Boost)  
  22  1:45  Pylon  
  22  1:47  Probe  
  23  2:02  Stalker (Chrono Boost)  
  23  2:03  Probe  
  23  2:05  Assimilator  
  26  2:09  Warp Gate  
  26  2:15  Probe  
  26  2:19  Shield Battery  
  26  2:24  Adept  
  28  2:30  Probe  
  29  2:42  Probe (Chrono Boost)  
  30  2:48  Twilight Council  
  30  2:49  Probe (Chrono Boost)  
  31  2:51  Shield Battery  
  32  2:58  Stalker  
  32  3:00  Probe (Chrono Boost)  
  32  3:03  Probe (Chrono Boost)  
  35  3:07  Probe (Chrono Boost)  
  35  3:11  Probe (Chrono Boost)  
  35  3:19  Probe (Chrono Boost)  
  36  3:21  Robotics Facility  
  36  3:24  Probe (Chrono Boost)  
  36  3:27  Probe (Chrono Boost)  
  38  3:28  Probe (Chrono Boost)  
  38  3:31  Blink (Chrono Boost)  
  38  3:34  Probe  
  39  3:38  Probe  
  41  3:46  Probe  
  42  3:49  Pylon  
  42  3:51  Probe  
  42  3:53  Gateway  
  43  3:57  Gateway  
  43  4:00  Probe  
  44  4:04  Stalker  
  44  4:08  Observer  
  47  4:15  Probe  
  47  4:16  Probe, Pylon  
  49  4:17  Assimilator  
  49  4:20  Pylon  
  49  4:29  Stalker, Observer  
  49  4:30  Probe x2  
  54  4:36  Observer  
  54  4:47  Stalker  
  54  4:50  Warp Prism  
  54  4:51  Stalker  
  54  4:52  Stalker  
  61  4:54  Probe x2  
  63  5:05  Nexus  
  63  5:07  Pylon  
  63  5:12  Stalker  
  63  5:13  Probe  
  66  5:18  Assimilator, Probe  
  67  5:22  Pylon  
  67  5:25  Probe  
  66  5:30  Probe  
  66  5:34  Stalker x2  
  71  5:38  Observer  
  71  5:40  Stalker  
  73  5:44  Immortal (Chrono Boost)  
  73  5:49  Observer  
  77  6:00  Stalker  
  77  6:01  Stalker  
  79  6:07  Stalker  
  79  6:10  Gateway x2  
  81  6:17  Immortal  
  85  6:24  Stalker x2  
  76  6:37  Probe  
  65  6:42  Probe  
  65  6:43  Observer  
  64  6:48  Stalker x2  
  66  6:57  Probe x2  
  66  7:04  Probe  
  67  7:09  Probe x2  
  69  7:16  Probe  
  69  7:21  Stalker x4, Probe x2  
  80  7:28  Probe  
  81  7:33  Probe x2  
  81  7:40  Probe  
Tags
 
Add a new tag
Caveats
  • Supply blocks, unpowered buildings, or Contaminate may cause inaccurate times.
  • Supply counts are checked every 10 seconds.